[Event "44th Chess Olympiad Women 2022"]
[Site "Chennai"]
[Date "2022.08.05"]
[Round "7.28"]
[White "Frayna, Janelle Mae"]
[Black "Cordero, Daniela"]
[Result "1-0"]
[WhiteElo "2224"]
[BlackElo "2005"]
[Annotator "ChessBase"]
[PlyCount "81"]
[EventDate "2022.??.??"]
[TimeControl "60"]

1. e4 e6 2. d4 d5 3. Nd2 a6 4. Ngf3 c5 5. dxc5 Bxc5 6. Bd3 Nc6 7. a3 Nf6 8. Qe2 b5 9. O-O Bb7 10. e5 Nd7 11. Nb3 Be7 12. Bf4 g5 13.
Bg3 h5 14. h3 h4 15. Bh2 Qc7 16. Rfe1 g4 17. hxg4 h3 18. Nfd4 hxg2 19. Bg3 Nc5 20. Kxg2 Nxd3 21. Qxd3 O-O-O 22. f4 Bh4 23. Rh1 Bxg3 24. Qxg3 Qb6 25. c3 a5 26. Rxh8 Rxh8 27. Rd1 b4 28. cxb4 axb4 29. axb4 Nxd4 30. Nxd4 Kd7 31. b5 Rc8 32. f5 Rc4 33. fxe6+ fxe6 34. Qf2 Qc5 35. b3 Rc3 36. Rh1 Qe7 37. Qf6 Bc8 38. Nc6 Rc2+ 39. Kg3 Rc3+ 40. Kf4 Qxf6+ 41. exf6 1-0

[Event "44th Chess Olympiad Women 2022"]
[Site "Chennai"]
[Date "2022.08.05"]
[Round "7.28"]
[White "Monroy G., Nataly A."]
[Black "Mordido, Kylen Joy"]
[Result "0-1"]
[WhiteElo "1907"]
[BlackElo "2023"]
[Annotator "NA"]
[PlyCount "58"]
[EventDate "2022.??.??"]
[TimeControl "60"]

1. d4 Nf6 2. Nf3 g6 3. c4 c5 4. d5 b5 5. cxb5 a6 6. b6 d6 7. Nc3 Nbd7 8. a4 Nxb6 9. a5 Nbd7 10. e4 Bg7 11. Be2 O-O 12. O-O Ne8 13.
Nd2 Nc7 14. Qa4 Rb8 15. f4 f5 16. Kh1 Nf6 17. Bc4 Kh8 18.
Re1 Nh5 19. g3 fxe4 20. Ndxe4 Rb4 21. Qa2 Bb7 22. Bf1 Qa8 23. Rd1 Rxe4 24. Nxe4 Nxd5 25. Bg2 Ndxf4 26. gxf4 Bxe4 27. Rg1 Bd4 28. b4 Rf5 29. bxc5 Ng3+ 0-1

[Event "44th Chess Olympiad Women 2022"]
[Site "Chennai"]
[Date "2022.08.05"]
[Round "7.28"]
[White "Ramirez, Maria Eugenia"]
[Black "Fronda, Jan Jodilyn"]
[Result "1/2-1/2"]
[WhiteElo "2005"]
[BlackElo "2181"]
[Annotator "NA RC"]
[PlyCount "112"]
[EventDate "2022.??.??"]
[TimeControl "60"]

1. e4 c5 2. c3 Nf6 3. e5 Nd5 4. g3 e6 5. Bg2 d6 6. exd6 Bxd6 7. Nf3 O-O 8.
O-O Nc6 9. d4 cxd4 10. Nxd4 Nxd4 11. Qxd4 Qc7 12. Nd2 Bd7 13. Qc4 Bc6 14. Ne4 Be5 15. Re1 h6 16. Qe2 Rfd8 17. Bd2 Rac8 18. Rac1 Qb6 19. b4 Nf6 20. Be3 Qc7 21. Nxf6+ Bxf6 22. c4 Bxg2 23. Kxg2 Qc6+ 24. Qf3 Qxf3+ 25. Kxf3 Rd3 26. Rc2 Rc3 27. Rxc3 Bxc3 28. Rc1 Bxb4 29. Bxa7 Ra8 30. Rb1 Rxa7 31. Rxb4 Kf8 32. a4 Ke7 33. Ke4 Kd6 34. Kd4 Kc6 35. h4 Ra8 36. Kc3 b6 37. Kb3 Rd8 38. Kc3 Ra8 39. Kb3 Ra5 40.
Ka3 Rf5 41. Rb2 Kc5 42. f4 Kc6 43. Kb4 g5 44. fxg5 hxg5 45.
h5 Rf6 46. g4 Rh6 47. Rf2 f5 48. gxf5 exf5 49. Rxf5 Rxh5 50. Rf6+ Kb7 51. Rg6 Rh1 52. Rxg5 Rb1+ 53. Kc3 Rc1+ 54. Kb3 Rb1+ 55. Kc3 Rc1+ 56. Kb3 Kc7 1/2-1/2

[Event "44th Chess Olympiad Women 2022"]
[Site "Chennai"]
[Date "2022.08.05"]
[Round "7.28"]
[White "San Diego, Marie Antoinette"]
[Black "Molina, Jessica"]
[Result "1-0"]
[WhiteElo "2101"]
[BlackElo "1889"]
[Annotator "NA RC"]
[PlyCount "96"]
[EventDate "2022.??.??"]
[TimeControl "60"]

1. d4 Nf6 2. Nf3 d5 3. c4 e6 4. Nc3 c6 5. Bg5 Nbd7 6. Qc2 Qa5 7. Bd2 Qd8 8. e4 dxe4 9. Nxe4 Nxe4 10. Qxe4 Nf6 11. Qc2 Be7 12. Bd3 Bd7 13. O-O O-O 14. Rad1 b5 15. Ne5 Rc8 16. c5 h6 17. Be3 Be8 18.
Qd2 Nd5 19. Bb1 f5 20. f4 Rc7 21. g4 g5 22. fxg5 Bxg5 23. Bxg5 Qxg5 24. Qxg5+ hxg5 25. Rde1 fxg4 26. Rxf8+ Kxf8 27. Nxg4 Nf4 28.
Ne5 Bh5 29. Kf2 Kg7 30. Be4 Be8 31. Ke3 Nd5+ 32. Bxd5 exd5 33. Rg1 Kf6 34. Rf1+ Kg7 35. Rf5 Kh6 36. Rf6+ Kg7 37. Rf5 Kh6 38. Kf3 a5 39. Rf6+ Kg7 40. Re6 Rc8 41. Kg4 Bf7 42. Re7 Rf8 43. Rxf7+ Rxf7 44. Nxf7 Kxf7 45. Kxg5 b4 46. b3 Kg7 47. h4 Kf7 48. Kf5 Kg7 1-0

[Event "44th Chess Olympiad Women 2022"]
[Site "Chennai"]
[Date "2022.08.05"]
[Round "7.29"]
[White "Moaataz, Ayah"]
[Black "Penafiel Mendoza, Josselyne"]
[Result "1-0"]
[WhiteElo "2119"]
[BlackElo "1804"]
[Annotator "NA RC"]
[PlyCount "91"]
[EventDate "2022.??.??"]
[TimeControl "60"]

1. c4 Nf6 2. g3 g6 3. Bg2 Bg7 4. Nc3 e5 5. d3 O-O 6. e4 d6 7. Nge2 c6 8. O-O a6 9. a4 a5 10. h3 Na6 11. Be3 Re8 12. Qd2 Nb4 13. d4 exd4 14. Nxd4 Nd7 15. Rad1 Ne5 16. Qe2 Qe7 17. Rd2 b6 18. Rfd1 Ba6 19. b3 Rad8 20.
Na2 d5 21. Nxb4 Qxb4 22. exd5 cxd5 23. Nb5 Bxb5 24. axb5 d4 25. Rxd4 Rxd4 26. Bxd4 Qxb3 27. f4 Qxc4 28. Qxc4 Nxc4 29. Bxg7 Kxg7 30. Rd7 Ne3 31. Bc6 Rb8 32. Kf2 Nc2 33. Bd5 Nb4 34. Bxf7 Kh8 35. Be6 Re8 36. f5 gxf5 37. Bxf5 Rf8 38. g4 Kg8 39. Ke3 h5 40. Kd4 hxg4 41. hxg4 Re8 42. Rb7 Rd8+ 43. Ke5 Rd5+ 44. Kf6 Rd8 45. Be6+ Kh8 46. Kg6 1-0

[Event "44th Chess Olympiad Women 2022"]
[Site "Chennai"]
[Date "2022.08.05"]
[Round "7.29"]
[White "Nunez Giler, Fanny"]
[Black "Elansary, Eman"]
[Result "0-1"]
[WhiteElo "1660"]
[BlackElo "1936"]
[Annotator "NA"]
[PlyCount "80"]
[EventDate "2022.??.??"]
[TimeControl "60"]

1. e4 Nf6 2. e5 Nd5 3. c4 Nb6 4. d4 d6 5. exd6 cxd6 6. Nc3 g6 7. Be3 Bg7 8. Rc1 Nc6 9. b3 O-O 10. Nf3 Bg4 11. Be2 d5 12. c5 Nc8 13.
O-O e6 14. Qd2 N8e7 15. h3 Bxf3 16. Bxf3 Nf5 17. Ne2 Qd7 18. Bg4 Nxe3 19. fxe3 h5 20. Bf3 Rad8 21. Nc3 a6 22. Na4 Qe7 23. Nb6 Qg5 24. Qf2 Bh6 25. Rc3 h4 26. Bg4 f5 27. Bf3 Bg7 28.
Rd3 Qh6 29. Qe2 g5 30. Rfd1 Bf6 31. Na4 Rf7 32. Nc3 Kh8 33. g4 hxg3 34. Qg2 Nb4 35. Qxg3 Nxd3 36. Rxd3 g4 37. Bg2 Rg8 38. Kh2 Bd8 39. Ne2 Rfg7 40. Nf4 Bh4 0-1

[Event "44th Chess Olympiad Women 2022"]
[Site "Chennai"]
[Date "2022.08.05"]
[Round "7.29"]
[White "Ortiz Verdezoto, Anahi"]
[Black "Mona, Khaled"]
[Result "1-0"]
[WhiteElo "2046"]
[BlackElo "2127"]
[Annotator "NA"]
[PlyCount "67"]
[EventDate "2022.??.??"]
[TimeControl "60"]

1. d4 Nf6 2. c4 g6 3. Nc3 Bg7 4. e4 d6 5. h3 Nc6 6. Nf3 O-O 7. Be3 h6 8. Qd2 Kh7 9. g4 e5 10. d5 Nb8 11. g5 hxg5 12. Nxg5+ Kg8 13. Be2 c6 14. O-O-O cxd5 15. cxd5 Na6 16. Rdg1 Ne8 17. h4 f5 18. exf5 Bxf5 19. Ne6 Qa5 20. Nxf8 Nb4 21. Nxg6 Nxa2+ 22. Kd1 Kf7 23. Bh5 Rc8 24. Nxe5+ Ke7 25. Rxg7+ Nxg7 26. Bg5+ Kf8 27. Ng6+ Kf7 28.
Ne7+ Nxh5 29. Nxf5 Nxc3+ 30. bxc3 Rxc3 31. Be3 Qa4+ 32. Ke1 Rc2 33. Qd4 Qa3 34. Nh6+ 1-0

[Event "44th Chess Olympiad Women 2022"]
[Site "Chennai"]
[Date "2022.08.05"]
[Round "7.29"]
[White "Wafa, Shrook"]
[Black "Heredia Serrano, Carla"]
[Result "0-1"]
[WhiteElo "2141"]
[BlackElo "2090"]
[Annotator "NA RC"]
[PlyCount "170"]
[EventDate "2022.??.??"]
[TimeControl "60"]

1. e4 c6 2. d4 d5 3. Nc3 dxe4 4. Nxe4 Nf6 5. Nxf6+ exf6 6. Nf3 Bd6 7. Bd3 O-O 8. Be3 Re8 9. Qd2 Nd7 10. O-O-O b5 11. d5 c5 12. Bxb5 Rb8 13.
Bd3 Nb6 14. c4 Qc7 15. Qc2 h6 16. h3 Bd7 17. Rhe1 Qb7 18. Bd2 Rec8 19. Re2 Na4 20. b3 Nb6 21. Nh4 Ra8 22. Bf5 a5 23. Bxd7 Qxd7 24. a4 Rcb8 25. Nf5 Nc8 26. Rde1 Nb6 27. Nxd6 Qxd6 28. g3 Nd7 29. Bf4 Ne5 30. Bxe5 fxe5 31. Rxe5 Qf6 32. R1e3 g6 33. f4 Rb4 34. Qe4 Kg7 35. Kc2 Rab8 36. Re7 Rxa4 37. Qe5 Ra2+ 38. Kc3 a4 39. bxa4 Ra3+ 40. Kc2 Ra2+ 41. Kd3 Rb3+ 42. Ke4 Rxe3+ 43. Kxe3 Ra3+ 44. Kd2 Rxa4 45. Kc3 Ra3+ 46. Kc2 Rxg3 47. d6 Rg2+ 48. Kd3 Rg1 49. d7 Rd1+ 50. Ke2 Rd4 51. h4 Rd6 52. Kf3 Rd3+ 53. Ke4 Rd4+ 54. Ke3 Rd1 55. Ke2 Rd6 56. Re8 Qxe5+ 57. Rxe5 Rxd7 58. Rxc5 Kf6 59. Ke3 Rd1 60. Rd5 Rxd5 61. cxd5 Ke7 62. Ke4 Kd6 63. Kd4 f6 64. Ke4 Kc5 65. d6 Kxd6 66. Kd4 Ke6 67. Ke4 Kd6 68. Kd4 Ke6 69. Ke4 Ke7 70. Ke3 Kd7 71. Kd3 Kc6 72. Kc4 h5 73. Kd4 Kd6 74. Ke4 Ke6 75.
f5+ gxf5+ 76. Kf4 Ke7 77. Kxf5 Kf7 78. Ke4 Ke6 79. Kf4 f5 80. Kg5 Ke5 81. Kxh5 Kf6 82. Kh6 f4 83. h5 f3 84. Kh7 f2 85. h6 f1=Q 0-1

[Event "44th Chess Olympiad Women 2022"]
[Site "Chennai"]
[Date "2022.08.05"]
[Round "7.30"]
[White "Machlik, Edit"]
[Black "Oviedo Acosta, Paula"]
[Result "1-0"]
[WhiteElo "2084"]
[BlackElo "1855"]
[Annotator "NA RC"]
[PlyCount "131"]
[EventDate "2022.??.??"]
[TimeControl "60"]

1. d4 Nf6 2. c4 c5 3. d5 g6 4. Nc3 Bg7 5. e4 d6 6. f4 O-O 7. Nf3 e6 8. dxe6 fxe6 9. Bd3 Nc6 10. O-O Nd4 11. Bd2 Rb8 12. Qe1 b5 13. Nxd4 cxd4 14. Nxb5 e5 15. fxe5 dxe5 16. c5 Be6 17. b4 Kh8 18. a3 Nxe4 19. Rxf8+ Qxf8 20. Qxe4 Bf5 21. Qf3 e4 22. Bxe4 Bxe4 23. Qxf8+ Rxf8 24. Re1 Bd5 25. Nd6 d3 26. Re8 Bd4+ 27. Kh1 Rxe8 28. Nxe8 Be5 29. Kg1 Kg8 30. Kf2 Kf7 31. Nd6+ Bxd6 32. cxd6 Ke6 33. Bf4 Bc6 34. Ke3 Bb5 35. g4 Kd5 36. Kd2 Ke4 37. Be3 a6 38. g5 Kd5 39. Bf4 Ke4 40.
Bg3 Kf3 41. Be1 Kg4 42. h4 Kf3 43. d7 Bxd7 44. Kxd3 Kg4 45. Kd4 Kh5 46. Kc5 Bb5 47. Kb6 h6 48. Bd2 hxg5 49. Bxg5 Be2 50. a4 Kg4 51. b5 axb5 52. axb5 Kf5 53. Kc6 Ke6 54. b6 Bf3+ 55. Kc7 Ba8 56. b7 Bxb7 57. Kxb7 Kd7 58. Bf4 Ke6 59. Kc6 Kf5 60. Bg5 Ke6 61. Kc7 Kf7 62. Kd7 Kf8 63. Ke6 Kg7 64. Ke7 Kg8 65. Kf6 Kh7 66. Kf7 1-0

[Event "44th Chess Olympiad Women 2022"]
[Site "Chennai"]
[Date "2022.08.05"]
[Round "7.30"]
[White "Perez, Dalila"]
[Black "Stanford, Sheila Barth"]
[Result "0-1"]
[WhiteElo "1799"]
[BlackElo "2097"]
[Annotator "NA RC"]
[PlyCount "86"]
[EventDate "2022.??.??"]
[TimeControl "60"]

1. d4 Nf6 2. Nf3 g6 3. c4 Bg7 4. Nc3 d5 5. g3 dxc4 6. Qa4+ Nfd7 7. Bf4 O-O 8. Qxc4 Nc6 9. Nd5 Nb6 10. Nxb6 axb6 11. Rd1 Ra5 12. a3 Bf5 13. Bg2 Be4 14. Be3 e6 15. O-O Ne7
16. Bd2 Ra6 17. Bb4 Re8 18.
Bxe7 Rxe7 19. e3 Rd7 20. Rc1 c6 21. Rfe1 b5 22. Qe2 Bd5 23. Qc2 f5 24. Ne5 Bxe5 25. dxe5 Bxg2 26. Kxg2 Rd2 27. Qc3 Ra8 28. Kg1 Qd5
29. e4 fxe4 30. Rxe4 Rxf2 31. Kxf2 Qxe4 32. Kg1 Rf8 33. Qc5 Rf3 34. Qb6 Qe3+ 35. Qxe3 Rxe3 36. Rd1 Rxe5 37. Rd8+ Kf7 38. Rd7+ Kf6 39. Rxb7 Re2 40. Rc7 Rxb2 41. Rxc6 Kf5 42. Rb6 Rb3 43. Kf2 e5 0-1

[Event "44th Chess Olympiad Women 2022"]
[Site "Chennai"]
[Date "2022.08.05"]
[Round "7.30"]
[White "Rodsmoen, Maud"]
[Black "Montiel Caceres, Helen"]
[Result "1-0"]
[WhiteElo "1975"]
[BlackElo "1763"]
[Annotator "NA"]
[PlyCount "89"]
[EventDate "2022.??.??"]
[TimeControl "60"]

1. e4 c5 2. Nf3 e6 3. d4 cxd4 4. Nxd4 Nc6 5. Nc3 Qc7 6. Be3 a6 7. Be2 Nf6 8. O-O Bb4 9. Na4 O-O 10. Nxc6 bxc6 11. Nb6 Rb8 12. Nxc8 Qxc8 13. e5 Nd5 14. Bc1 c5 15. c4 Ne7 16. Bd3 Qc7 17. Qh5 Ng6 18. f4 d6 19. Rf3 dxe5 20. Rh3 h6 21. Bxg6 fxg6 22. Qxe5 Qxe5 23. fxe5 Rf5 24. Be3 Ba5 25. b3 Bc3 26. Rd1 Rc8 27. Bxc5 Bxe5 28. Bb4 Bb8 29. Rf3 Ba7+ 30. Kf1 Rc6 31. Bc3 Bc5 32. Rd8+ Kh7 33. Ke2 Rc7 34. Ra8 Rc6 35. Rd8 Rc7 36. h3 h5 37. Re8 Rc6 38.
b4 Bg1 39. c5 a5 40. a3 Rg5 41. Rff8 Rxg2+ 42. Kf1 Rf2+ 43. Rxf2 Bxf2 44. Kxf2 axb4 45. axb4 1-0

[Event "44th Chess Olympiad Women 2022"]
[Site "Chennai"]
[Date "2022.08.05"]
[Round "7.30"]
[White "Vargas, Gabriela"]
[Black "Machlik, Monika"]
[Result "1/2-1/2"]
[WhiteElo "2140"]
[BlackElo "2111"]
[Annotator "NA"]
[PlyCount "73"]
[EventDate "2022.??.??"]
[TimeControl "60"]

1. d4 Nf6 2. Nf3 e6 3. e3 b6 4. Bd3 Bb7 5. Nbd2 c5 6. b3 Be7 7. O-O Nc6 8. a3 O-O 9. Bb2 Re8 10. Rc1 Rc8 11. Re1 d5 12. Ne5 Nxe5 13.
dxe5 Ne4 14. Bb5 Rf8 15. Nxe4 dxe4 16. Qe2 Qc7 17. Rcd1 Rfd8 18. a4 Rxd1 19. Rxd1 Rd8 20. g3 Rxd1+ 21. Qxd1 Qd8 22. Qe1 a5 23. Bf1 Qd5 24. c4 Qd7 25. Bc3 Bd8 26. Qb1 Be7 27. Bg2 Qc6 28. h4 h6 29. Kh2 Bd8 30. Qd1 Be7 31. Kh3 Kf8 32. Qg4 Kg8 33.
Kh2 Kf8 34. Kh3 Kg8 35. Kh2 Kf8 36. Kh3 Kg8 37. Kh2 1/2-1/2

[Event "44th Chess Olympiad Women 2022"]
[Site "Chennai"]
[Date "2022.08.05"]
[Round "7.31"]
[White "Enomah Emmanuella Trust"]
[Black "Nazarova, Anastasia"]
[Result "0-1"]
[WhiteElo "1901"]
[BlackElo "2208"]
[Annotator "NA RC"]
[PlyCount "128"]
[EventDate "2022.??.??"]
[TimeControl "60"]

1. c4 e5 2. g3 Nf6 3. Bg2 c6 4. Nf3 e4 5. Nd4 d5 6. Nc3 dxc4 7. Nc2 Bc5 8.
O-O Bf5 9. Ne3 Bxe3 10. fxe3 Bg6 11. Qc2 Qe7 12. b3 cxb3 13. Qxb3 O-O 14. Ba3 c5 15. Rab1 b6 16. Rf4 Nbd7 17. Rbf1 Rae8 18. Qa4 Qe6 19. Bc1 a5 20. Rh4 Re7 21. Bh3 Qd6 22. Nb5 Qc6 23. Qb3 Nd5 24. Na7 Qb7 25. Nb5 N7f6 26. Bg2 Qc6 27. Na3 a4 28. Qc4 Nc7 29. Bb2 b5 30. Qc1 Nd7 31. Nb1 b4 32. Qc2 Nb6 33. Rc1 c4 34. Bd4 Ncd5 35. Qb2 a3 36. Qc2 Rfe8 37. d3 exd3 38.
exd3 Qd6 39. e4 cxd3 40. Qxd3 Nc7 41. Qe3 Nd7 42. e5 Qe6 43. Nxa3 bxa3 44. Rxc7 Qxa2 45. Bh3 Qb1+ 46. Rc1 a2 47. Rf4 Nxe5 48. Rff1 Qb8 49. Ba1 Nd3 50. Qd4 Qa7 51. Rcd1 Qxd4+ 52. Bxd4 h5 53. Ra1 Re2 54. Rfd1 Ne1 55. Bd7 Nf3+ 56. Kf1 Nxh2+ 57. Kg1 Nf3+ 58. Kf1 R8e7 59. Bc5 R7e5 60. Bd6 Nh2+ 61. Kg1 R5e3 62. Bf4 Rb3 63. Ba4 Nf3+ 64. Kf1 Rbb2 0-1

[Event "44th Chess Olympiad Women 2022"]
[Site "Chennai"]
[Date "2022.08.05"]
[Round "7.31"]
[White "Norlamo, Sarabella"]
[Black "Onoja, Iyefu Joy"]
[Result "1-0"]
[WhiteElo "1925"]
[BlackElo "1869"]
[Annotator "NA"]
[PlyCount "123"]
[EventDate "2022.??.??"]
[TimeControl "60"]

1. d4 d5 2. c4 e6 3. cxd5 exd5 4. Nc3 Nf6 5. Bg5 Be7 6. e3 O-O 7. Bd3 b6 8. Rc1 Bb7 9. Qc2 Nbd7 10. Nge2 c5 11. O-O h6 12. Bf4 Nh5 13.
Bg3 cxd4 14. Nxd4 Nxg3 15. hxg3 Bc5 16. Qa4 Ne5 17. Bb1 a5 18. Rfd1 Qf6 19. Qb3 Nc4 20. Na4 Rab8 21. Qc2 g6 22. Qe2 Rfe8 23. Qc2 Rec8 24. Qe2 Re8 25. Qc2 Rec8 26. Nc3 Rd8 27. Ncb5 Rd7 28. Qe2 Re7 29. Bd3 Ne5 30. Bc2 Nc6 31. Qg4 Nb4 32. Bb1 Ba6 33. Nc3 Bb7 34. a3 Na6 35. Ncb5 Nc7 36. Nc3 h5 37. Qh4 Qxh4 38. gxh4 Rd8 39. Na4 Bxd4 40. Rxd4 Ne6 41. Rdd1 Rd6 42. Ba2 Ng7 43. Nc3 Re5 44. Nb5 Rd7 45. Rc7 Ree7 46. Rxd7 Rxd7 47. Nc3 d4 48. Na4 Nf5 49. Nxb6 Re7 50. exd4 Nxh4 51. d5 Re2 52. d6 Bc6 53. d7 Bxd7 54. Rxd7 Rxb2 55. Bxf7+ Kf8 56. Nc4 Rb5 57. Ra7 Rg5 58. g3 Nf3+ 59. Kf1 Nh2+ 60. Kg2 Ng4 61. Be6 Nf6 62. Rf7+ 1-0

[Event "44th Chess Olympiad Women 2022"]
[Site "Chennai"]
[Date "2022.08.05"]
[Round "7.31"]
[White "Ogbiyoyo, Perpetual Eloho"]
[Black "Tuominen, Tanja"]
[Result "1-0"]
[WhiteElo "1886"]
[BlackElo "2080"]
[Annotator "NA"]
[PlyCount "91"]
[EventDate "2022.??.??"]
[TimeControl "60"]

1. e4 c5 2. f4 d5 3. Bb5+ Nc6 4. Bxc6+ bxc6 5. d3 g6 6. Nf3 Bg7 7. Nc3 Ba6 8. e5 c4 9. d4 h5 10. Be3 Nh6 11. h3 Nf5 12. Bf2 h4 13.
Qd2 Rb8 14. Rb1 Qa5 15. O-O Bc8 16. Ne2 Qxd2 17. Nxd2 f6 18.
Nf3 Kf7 19. Rfe1 Be6 20. b3 cxb3 21. axb3 Bc8 22. Ra1 a6 23. Ra2 Rh5 24. Rea1 g5 25. fxg5 fxg5 26. Ne1 c5 27. Nd3 cxd4 28. Nxd4 Nxd4 29. Bxd4 Rh6 30. Nc5 Rc6 31. c3 Rxc5 32. Bxc5 Bxe5 33. Rf1+ Ke8 34. Re2 Bf4 35. Rxe7+ Kd8 36. b4 Rb5 37. Rfe1 Bd7 38. Rg7 Rb7 39. Rd1 Be5 40. Rxg5 Bxc3 41. Rgxd5 Ke8 42. Rf1 Kd8 43. Rd6 a5 44. Rb6 Rc7 45. Rf8+ Be8 46. Rb8+ 1-0

[Event "44th Chess Olympiad Women 2022"]
[Site "Chennai"]
[Date "2022.08.05"]
[Round "7.31"]
[White "Paasikangas, Johanna"]
[Black "Ofowino, Toritsemuwa"]
[Result "1/2-1/2"]
[WhiteElo "2155"]
[BlackElo "1870"]
[Annotator "TA"]
[PlyCount "141"]
[EventDate "2022.??.??"]
[TimeControl "60"]

1. d4 d5 2. c4 c6 3. Nf3 Nf6 4. e3 a6 5. Nbd2 Bf5 6. Nh4 {[%emt 0:02:57] D11: Slav Defence: 3 Nf3
sidelines and 3...Nf6 4 e3 Bg4.} Be4 7. Nxe4 Nxe4 8. Nf3 {[%emt 0:04:29] White is slightly better.} e6 {
[%emt 0:00:31] [#]} 9. c5 $146 ({Predecessor:} 9. Bd3 Bb4+ 10.
Ke2 Nf6 11. Qb3 Qe7 12. Rd1 O-O 13. Kf1 b5 14. cxd5 cxd5 15. a4 bxa4 16. Qxa4 {
½-½ (44) Swayams,M (2477)-Godena,M (2499) Padova 2015}) 9... b5 (9... b6 $11) 10. Bd3 Be7 11. Qc2 f5 12. O-O Nd7 13. b3 (13. a4 $16) 13... O-O 14. Ne1 Qe8 15. f3 Nef6 ({Better is} 15... Ng5 $1 $14) 16. a4 $1 $16 Qh5 17. Be2 Qg6 18. Nd3 {[%emt 0:01:00] Inhibits e5.} Qe8 19. Nb4 Qc8 20. axb5 axb5 21. Bd2 Qb7 22. Bd3 g6 23. e4 (23. Rxa8 {is interesting.} Rxa8
24. e4 dxe4 25. fxe4 Bd8 26. exf5 exf5 27. Bxf5 gxf5 28. Qxf5 Ba5 29. d5) 23...
Rxa1 24. Rxa1 Ra8 25. Re1 {
[%emt 0:02:12] Strongly threatening exd5.} Bf8 (25... dxe4 $1
$14 26. fxe4 Nf8) 26. exf5 (26. e5 $16 Ne8 27. Qc3) 26... exf5
$14 27. Re6 Rc8 28. Bxf5 {
[%emt 0:09:01] White is more active.} gxf5 $11 29. Qxf5 Bg7 ({Black should play} 29... Qa8 $1 $11 30.
Bc3 Bg7) 30. Re7 (30. h3 $14) 30... Kh8 $1 31. Bg5 Qa8 32. Kf2 $2 {[%emt 0:00:00] [#]} (
32. h3 $11 {and White stays safe.}) 32... Rf8 $1 $19 33. Rxd7 Nxd7 {[%emt 0:02:28] Discovered Attack} 34.
Qxd7 Bxd4+ 35. Kg3 Rg8 ({And not} 35... Bxc5 36. Nxc6 Rg8 37. Kh4 $11) 36. Kh4 Rg6 {[%emt 0:02:34] aiming for ...Qf8.} 37. g3 (37. Nd3 $17 {was called for.}) 37... Qg8 $2 ({Black should
try} 37... Bxc5 $19 38. Nd3 Bd6) 38. f4 $2 (38. Nxc6 $11 {
and White is okay.} Bf6 39. Bxf6+ Rxf6 40. g4) 38... Bf6 39. Bxf6+ Rxf6 {[%emt 0:00:00][%cal Rf6h6] Endgame
KQR-KQN} 40. Kh3 Qg6 41. Qd8+ Kg7 42. Qc7+ Rf7 $2 (42...
Qf7 $17 43. Qe5 Qe6+ 44. Kg2 Qxe5 45. fxe5 Re6) 43. Qe5+ $11 (
43. Qxc6 Qh5+ 44. Kg2 Qe2+ 45. Kh3 Rf5 46. Qb7+ Kg6 47. Qa6+ (47. Qc6+ $2 Kh5
$19) 47... Kh5 $19) 43... Kg8 44. Qe8+ Rf8 45. Qxg6+ {[%emt 0:00:37] Remove Defender} hxg6 46. Nxc6 {[%emt 0:00:09] KR-KN} Re8 47. Ne5 b4 48. Kg4 {[%emt 0:00:36] Black must now prevent c6.} Kg7 49. c6 {[%emt 0:01:34] h4 is the strong threat.} Kf6 $1 50. Kf3 Rc8 $2 (50... g5 $11)
51. Ke3 g5 (51... Ke7 52. h4 (52. Nxg6+ Kd6
$16) 52... Rg8) 52. Kd4 $18 gxf4 53. gxf4 Ke6 54. Kc5 d4 55. Nd3 $2 (55. h4 $18 {is more deadly.}) 55... Rh8 {
[%emt 0:01:59] [#]} (55... Rf8 $16) 56. Nxb4 $2 (56. f5+ $1
$18 Ke7 57. Nxb4) 56... Rh5+ $11 {[%emt 0:00:41] The position is equal.} 57.
Kxd4 {[%emt 0:00:11] Threatens to win with c7.} Kd6 58. Kc4 Rxh2 59. f5 Rf2 60. Nd5 {[%emt 0:00:46] Hoping for c7.} Rc2+ 61. Nc3 Kxc6 62. b4 Rf2 63. Nb5 Rc2+ 64. Nc3 Rf2 65. b5+ Kb7 66. Ne4 Rf4 67. Kd5 Rxf5+ 68. Ke6 {[%emt 0:00:31] White threatens Nd6+ and mate.}
Rxb5 69. Nd6+ Kb6 70. Nxb5 Kxb5 71. Ke5 {[%emt 0:00:35] Quite a comeback
for White. Weighted Error Value: White=0.44/Black=0.34} 1/2-1/2

[Event "44th Chess Olympiad Women 2022"]
[Site "Chennai"]
[Date "2022.08.05"]
[Round "7.32"]
[White "Ferrufino, Michelle"]
[Black "Otazo Sanchez, Annyd Gabriela"]
[Result "0-1"]
[WhiteElo "1811"]
[BlackElo "1932"]
[Annotator "NA RC"]
[PlyCount "102"]
[EventDate "2022.??.??"]
[TimeControl "60"]

1. e4 e5 2. Nf3 Nf6 3. Nxe5 d6 4. Nf3 Nxe4 5. Nc3 Nxc3 6.
dxc3 Be7 7. Be3 O-O 8. Qd2 Nd7 9. O-O-O c6 10. Bd3 d5 11. h4 Nc5 12. Bxc5 Bxc5 13. Ng5 h6 14. Nh7 Re8 15. g4 Bxg4 16. Rdg1 h5 17. Ng5 Qf6 18. Rg2 Bd6 19. Kb1 Bf4 20. Bh7+ Kh8 21. Qd3 Bxg5 22. hxg5 Qe6 23. b3 Be2 24. Bf5 Qe5 25. Qh3 g6 26. Bg4 Bxg4 27. Rxg4 Kg7 28. Rg3 a5 29. Qh4 Qe4 30. Qh3 Qe2 31. f4 a4 32. b4 a3 33. Rd3 Qe1+ 34. Rd1 Qe3 35. Qxe3 Rxe3 36. f5 Rxc3 37. f6+ Kf8 38. Rde1 Ra4 39. Re7 Rxb4+ 40. Kc1 Re4 41. Rxb7 Rg3 42. Rh4 Ke8 43. Rxe4+ dxe4 44. Re7+ Kf8 45. Rc7 Kg8 46. Rxc6 Rxg5 47. Rc8+ Kh7 48. Rc7 h4 49. Rxf7+ Kg8 50. Rg7+ Kf8 51. Kd2 h3 0-1

[Event "44th Chess Olympiad Women 2022"]
[Site "Chennai"]
[Date "2022.08.05"]
[Round "7.32"]
[White "Granados Ortiz, Maria Jose"]
[Black "Matute Escobar, Roxanny"]
[Result "0-1"]
[WhiteElo "1753"]
[BlackElo "1834"]
[Annotator "NA RC"]
[PlyCount "50"]
[EventDate "2022.??.??"]
[TimeControl "60"]

1. e4 c5 2. Nf3 d6 3. d4 cxd4 4. Nxd4 Nf6 5. Nc3 g6 6. Be3 Bg7 7. f3 O-O 8. Bc4 Nc6 9. Qd2 Bd7 10. O-O-O Rc8 11. Bb3 Nxd4 12. Bxd4 b5 13. Bxa7 b4 14. Nd5 Nxd5 15. Bxd5 Qc7 16. Be3 Ba4 17. b3 Bb5 18. c4 bxc3 19. Qc2 e6 20. Bc4 Bxc4 21. bxc4 Qxc4 22. Rxd6 Ra8 23. Rhd1 Rxa2 24. Qd3 Ra1+ 25. Kc2 Qa2# 0-1

[Event "44th Chess Olympiad Women 2022"]
[Site "Chennai"]
[Date "2022.08.05"]
[Round "7.32"]
[White "Rovira Contreras, Tairu Manuela"]
[Black "Alvarez Gutierrez, Patricia"]
[Result "1-0"]
[WhiteElo "2036"]
[BlackElo "1715"]
[Annotator "NA"]
[PlyCount "67"]
[EventDate "2022.??.??"]
[TimeControl "60"]

1. d4 d5 2. c4 c6 3. Nf3 Nf6 4. Nc3 a6 5. b3 Bf5 6. Nh4 Bg4 7. h3 Bh5 8. g4 Bg6 9. Nxg6 hxg6 10. g5 Ng8 11. Bg2 e6 12. Qd3 Bb4 13. Kf1 Ne7 14. c5 Nf5 15. Bf4 Bxc3 16. Qxc3 Nh4 17. Bf3 Nxf3 18. Qxf3 Nd7 19. Qg3 Rc8 20. Kg2 Qa5 21. a3 Qb5 22. Rhe1 O-O 23. Qc3 a5 24. a4 Qa6 25. Bd6 Rfe8 26. h4 f6 27. Qh3 Kf7 28. e4 f5 29. exd5 exd5 30.
h5 Re4 31. Rxe4 dxe4 32. hxg6+ Kxg6 33. Rh1 Nf8 34. Qh5# 1-0

[Event "44th Chess Olympiad Women 2022"]
[Site "Chennai"]
[Date "2022.08.05"]
[Round "7.32"]
[White "Varela La Madrid, Tilsia Carolina"]
[Black "Granados Diaz, Maria Esther"]
[Result "1-0"]
[WhiteElo "2079"]
[BlackElo "1888"]
[Annotator "NA RC"]
[PlyCount "83"]
[EventDate "2022.??.??"]
[TimeControl "60"]

1. e4 Nf6 2. e5 Nd5 3. c4 Nb6 4. d4 d6 5. f4 dxe5 6. fxe5 Nc6 7. Be3 Bf5 8. Nf3 e6 9. Be2 Bxb1 10. Rxb1 Bb4+ 11. Kf2 O-O 12. c5 Nd5 13. a3 Ba5 14. b4 Nc3 15. Qc2 Nxb1 16. Rxb1 f6 17. Kg1 f5 18. Bc4 Qd7 19. Qb3 Rae8 20. Bxe6+ Qxe6 21. d5 Qf7 22. dxc6 Qxb3 23. Rxb3 bxc6 24. bxa5 Rb8 25. Rd3 Rfd8 26.
Rxd8+ Rxd8 27. Nd4 f4 28. Bf2 Rd5 29. Nf3 Rd1+ 30. Be1 Rc1 31.
Kf1 Rxc5 32. Ke2 Rc2+ 33. Bd2 c5 34. Kd3 Ra2 35. Kc4 Rxa3 36.
Kxc5 Ra2 37. Kc6 g5 38. e6 Ra3 39. Ne5 Ra2 40. e7 Rc2+ 41.
Kb7 Rb2+ 42. Kxa7 1-0